Map: Dreamcatcher LE

Players

HeroMarine - Winner!

  • Race: Terran Terran
  • Spawn Location: 5:00

DnS

  • Race: Protoss Protoss
  • Spawn Location: 11:00

Event: WCS Valencia 2018

VOD

Have the link to the VOD?

Description

Time

  • Played on: July 13, 2018, 7:10 a.m.
  • Length: 9:17

All games in this series

Show
View Real Time Build Order
Export as new Build Order

HeroMarine Terran - Winner!

Build Orders: Reaper Expand, MMM Bio 

Get SALT Encoding   

  12  0:00  SCV  
  13  0:13  SCV  
  14  0:17  Supply Depot  
  14  0:25  SCV  
  15  0:38  SCV  
  15  0:40  Barracks  
  16  0:43  Refinery  
  16  0:50  SCV  
  17  1:03  SCV  
  18  1:15  SCV  
  19  1:27  Reaper, Orbital Command  
  20  1:40  Command Center  
  20  1:50  Barracks  
  20  1:53  SCV  
  21  2:00  Barracks Reactor  
  21  2:05  SCV  
  22  2:11  Supply Depot  
  22  2:13  Bunker  
  22  2:18  SCV  
  23  2:25  Factory  
  23  2:32  SCV  
  23  2:33  Refinery  
  23  2:36  Marine  
  25  2:38  Marine  
  25  2:41  Barracks Tech Lab  
  26  2:44  SCV  
  27  2:58  Marine x2  
  29  2:59  SCV  
  29  3:01  Orbital Command  
  30  3:10  Stimpack  
  30  3:12  SCV  
  31  3:15  Marine x2  
  31  3:19  Marine  
  34  3:24  SCV  
  36  3:27  SCV  
  36  3:32  Marine  
  37  3:36  SCV  
  37  3:37  Starport  
  37  3:39  SCV  
  39  3:41  Factory Reactor  
  39  3:43  Marine x2  
  41  3:48  SCV  
  41  3:50  Marine  
  41  3:51  SCV  
  44  3:55  Supply Depot  
  44  4:02  SCV  
  45  4:03  SCV  
  45  4:06  Supply Depot  
  46  4:17  SCV x2, Marine x2  
  46  4:20  Supply Depot  
  46  4:22  Medivac  
  53  4:25  Medivac  
  53  4:27  Marine, Factory Tech Lab  
  53  4:29  SCV x2  
  53  4:30  Barracks  
  57  4:34  Engineering Bay  
  57  4:40  Marine x2  
  57  4:41  SCV x2  
  57  4:45  Marine  
  62  4:49  Refinery  
  62  4:51  Supply Depot  
  62  4:53  Siege Tank  
  62  4:55  SCV x2  
  62  4:58  Marine  
  68  5:00  Missile Turret  
  68  5:01  Terran Infantry Weapons Level 1  
  68  5:04  Missile Turret  
  68  5:07  SCV  
  68  5:08  SCV  
  68  5:12  Marine x2  
  71  5:23  Marine  
  71  5:24  Supply Depot  
  71  5:25  Siege Tank  
  71  5:27  Marine x2  
  77  5:30  Marine  
  77  5:33  Combat Shields  
  78  5:36  Supply Depot  
  78  5:38  Marauder  
  80  5:45  Marine  
  80  5:46  Marine x2  
  80  5:48  Supply Depot, Marine  
  80  5:49  Medivac  
  86  5:56  SCV x2  
  88  5:59  Marauder  
  88  6:03  Marine x2  
  88  6:04  Marine  
  93  6:05  Marine  
  94  6:13  Command Center  
  94  6:14  Supply Depot  
  94  6:17  SCV x2  
  96  6:21  Marauder  
  96  6:22  Marine x3  
  101  6:34  Marine  
  101  6:38  Starport Reactor  
  102  6:40  Marine x2, Barracks  
  102  6:41  SCV x2, Barracks  
  102  6:42  Marauder  
  102  6:43  Factory Tech Lab  
  106  6:59  SCV x2  
  99  7:03  Liberator x2  
  99  7:04  Marauder  
  99  7:06  Marine x3  
  91  7:09  Marine  
  91  7:11  Starport  
  91  7:14  Terran Infantry Armor Level 1  
  93  7:16  Refinery  
  93  7:19  Factory Reactor  
  97  7:24  Marine  
  97  7:25  Marine, Marauder  
  97  7:26  Marine  
  97  7:27  Orbital Command  
  102  7:32  Marauder  
  104  7:39  Concussive Shells  
  104  7:40  Marauder  
  104  7:43  Supply Depot  
  106  7:46  Marine, Marauder  
  106  7:47  Marine x3  
  112  7:53  Marauder  
  114  8:02  Marauder  
  116  8:07  Liberator, Supply Depot  
  116  8:08  Marauder  
  116  8:09  Marine x2  
  116  8:10  Marine x2  
  116  8:11  Liberator  
  99  8:15  Marauder  
  99  8:16  Orbital Command  
  100  8:23  Marauder  
  105  8:27  Marine x2  
  105  8:29  SCV x2, Marauder  
  105  8:32  Supply Depot, Marine  
  105  8:33  Marine  
  116  8:36  Marauder  
  118  8:44  Marauder  
  118  8:45  Marine x2  
  119  8:55  Marauder  
  119  8:56  Marine x2  
Show
View Real Time Build Order
Export as new Build Order

DnS Protoss 

Build Orders: 1 Gate Expand, Oracle Opening, Phoenix Opening, Colossus Rush 

Get SALT Encoding   

  12  0:00  Probe  
  13  0:12  Probe  
  14  0:17  Pylon  
  14  0:23  Probe  
  15  0:31  Probe  
  15  0:36  Gateway  
  15  0:40  Probe  
  16  0:46  Assimilator  
  17  0:51  Probe  
  18  1:03  Probe  
  19  1:15  Probe  
  20  1:23  Cybernetics Core  
  20  1:32  Nexus  
  20  1:39  Pylon  
  20  1:42  Probe  
  21  1:48  Assimilator  
  21  1:51  Adept  
  21  1:55  Probe  
  24  2:07  Probe  
  25  2:09  Adept  
  25  2:19  Probe  
  25  2:22  Stargate  
  28  2:30  Warp Gate  
  28  2:31  Probe  
  28  2:34  Adept  
  31  2:43  Probe  
  32  2:53  Probe  
  32  2:55  Probe  
  32  2:57  Oracle  
  34  3:03  Probe  
  33  3:08  Probe  
  33  3:11  Probe  
  37  3:19  Probe  
  38  3:20  Probe  
  38  3:26  Gateway x2  
  40  3:31  Probe, Pylon  
  40  3:32  Probe  
  42  3:43  Probe, Assimilator  
  42  3:45  Assimilator, Probe  
  44  3:53  Phoenix  
  44  3:54  Robotics Facility  
  46  3:56  Probe  
  46  3:57  Probe  
  48  4:08  Probe  
  48  4:09  Probe  
  50  4:10  Pylon  
  50  4:18  Phoenix  
  50  4:20  Probe  
  50  4:21  Probe  
  54  4:25  Pylon  
  54  4:27  Pylon  
  54  4:32  Probe  
  54  4:33  Probe  
  54  4:37  Warp Prism  
  56  4:40  Robotics Bay  
  58  4:46  Phoenix  
  60  4:54  Sentry, Adept x2  
  66  5:01  Pylon  
  66  5:11  Phoenix  
  66  5:12  Colossus  
  68  5:25  Gateway  
  68  5:28  Gateway  
  74  5:30  Gateway  
  74  5:33  Extended Thermal Lance  
  74  5:37  Adept x2  
  74  5:40  Adept  
  80  5:46  Pylon  
  80  5:57  Colossus  
  80  6:04  Nexus  
  80  6:07  Pylon  
  86  6:12  Sentry  
  88  6:20  Sentry, Adept  
  93  6:32  Pylon  
  93  6:35  Sentry, Adept x2  
  93  6:36  Adept  
  100  6:47  Adept  
  90  7:07  Adept x5  
  93  7:24  Probe x2  
  93  7:28  Probe  
  96  7:32  Adept x6  
  96  7:36  Pylon  
  108  7:52  Probe x2  
  108  7:54  Adept x4  
  108  7:55  Adept x2  
  118  8:11  Colossus  
  88  8:15  Stalker x4, Phoenix  
  70  8:20  Probe x3  
  70  8:25  Stalker  
  70  8:26  Stalker  
  85  8:32  Probe x2  
  87  8:37  Probe, Phoenix  
  88  8:44  Probe  
  88  8:48  Stalker x3  
Tags
 
Add a new tag
Caveats
  • Supply blocks, unpowered buildings, or Contaminate may cause inaccurate times.
  • Supply counts are checked every 10 seconds.